 Dungeon Crawl Stone Soup version 0.30-a0-862-g1aabd4f9c5 (webtiles) character file.

Game seed: 7278496551766215934

154 cforsyth the Magician (level 5, -1/28 HPs)
             Began as a Deep Elf Earth Elementalist on Mar 10, 2023.
             Slain by Edmund
             ... wielding a +2 flail of protection
              (8 damage)
             ... on level 4 of the Dungeon.
             The game lasted 00:03:41 (2332 turns).

cforsyth the Magician (Deep Elf Earth Elementalist) Turns: 2332, Time: 00:03:42

Health: -1/28      AC:  3    Str:  5    XL:     5   Next: 13%
Magic:  14/15      EV: 12    Int: 22    God:
Gold:   166        SH:  0    Dex: 15    Spells: 14/15 levels left

rFire   . . .      SeeInvis .    (no weapon)
rCold   . . .      Faith    .    (no shield)
rNeg    . . .      Spirit   .    a - +0 robe
rPois   .          Reflect  .    (helmet restricted)
rElec   .          Rampage  .    (no cloak)
rCorr   .                        f - +0 pair of gloves
Will    .....                    (no boots)
Stlth   +                        (no amulet)
HPRegen 0.24/turn                (no ring)
MPRegen 0.14/turn                (no ring)

@: confused, ambrosia-drunk, flying
A: horns 1, wild magic 1
a: no special abilities


You were on level 4 of the Dungeon.
You visited 1 branch of the dungeon, and saw 4 of its levels.

You collected 166 gold pieces.

Inventory:

Missiles
 o - a throwing net
Armour
 a - a +0 robe (worn)
 f - a +0 pair of gloves (worn)
Jewellery
 c - a ring of protection from fire
 m - a ring of protection from cold
Scrolls
 e - 4 scrolls of identify {unknown}
 g - 2 scrolls of fog {unknown}
 i - 3 scrolls of magic mapping {unknown}
 k - a scroll of brand weapon {unknown}
 l - a scroll of enchant armour {unknown}
 n - a scroll of butterflies {unknown}
 p - 3 scrolls of teleportation {unknown}
Potions
 b - a potion of magic
 d - 3 potions of flight
 h - a potion of ambrosia
 j - a potion of degeneration {unknown}
 q - a potion of curing {unknown}
 r - a potion of mutation


   Skills:
 - Level 2.4 Dodging
 - Level 2.4 Stealth
 + Level 5.5 Spellcasting
 - Level 1.1 Transmutations
 + Level 5.1 Earth Magic


You had 14 spell levels left.
You knew the following spells:

 Your Spells              Type           Power      Damage    Failure   Level
a - Sandblast             Erth           74%        2d16      2%          1

Your spell library contained the following spells:

 Spells                   Type           Power      Damage    Failure   Level
 Passwall                 Tmut/Erth      20%        N/A       7%          2
 Stone Arrow              Conj/Erth      44%        3d9       14%         3
 Petrify                  Tmut/Erth      25%        N/A       34%         4


Dungeon Overview and Level Annotations

Branches:
Dungeon (4/15)
 Temple: D:4-7

Altars:

Annotations:
D:2 Terence
D:4 1 runed translucent door, Crazy Yiuf, Edmund


Innate Abilities, Weirdness & Mutations

You have a pair of small horns on your head.
Your spells are a little harder to cast, but a little more powerful.


Message History

No target in view!
No target in view!
You can't see any susceptible monsters within range! (Use Z to cast anyway.)
You can't see any susceptible monsters within range! (Use Z to cast anyway.)
You can't see any susceptible monsters within range! (Use Z to cast anyway.) Edmund shouts!
You hear a shout!
Casting: Sandblast (safe; 1% risk of failure)
Confirm with . or Enter, or press ? or * to list all spells.
You don't know that spell.
Unknown command.
You can't see any susceptible monsters within range! (Use Z to cast anyway.)
The blast of sand hits Edmund.
Edmund is lightly wounded.
The blast of sand hits Edmund but does no damage.
Edmund is lightly wounded.
The blast of sand hits Edmund.
Edmund is lightly wounded.
Edmund hits you with a +2 flail of protection!
The blast of sand hits Edmund but does no damage.
Edmund is lightly wounded.
Edmund closely misses you.
The quokka bites you but does no damage.
Edmund barely misses you.
The blast of sand hits Edmund!
Edmund is moderately wounded.
The quokka bites you.
Edmund hits you with a +2 flail of protection.
The quokka barely misses you.
It was a potion of flight.
You feel very buoyant.
You fly up into the air.
Edmund closely misses you.
It was a potion of mutation.
You feel extremely strange. A pair of horns grows on your head!
You feel less in control of your magic.
Edmund hits you with a +2 flail of protection!
* * * LOW HITPOINT WARNING * * *
It was a potion of ambrosia.
You are confused.
You feel invigorated.
Edmund hits you with a +2 flail of protection!
You die...

#.#.....# #.#.†#.#... #.....#
+.'..#.#... ### .#.....
#.####.##+#.#... #.#. .......
#....)......#... #.#. .......
#.####.##'#.#... #.#. .......##
#.#..#.#... #.#. ......Kr#
+.'..#.#... #.#. #@# ##.####.#...
#.#. #@# ..........##
#.#.########.#############.#.
#.#.......................... #
#.###########.#..######.#.(#. #
#.............#........<#....
#####.........).####.######.##.##
................####.# #.##.#
....#........÷.......# #.##.#
.........#........#### #.##.#


You could see Edmund, a quokka and a kobold.

Vanquished Creatures
  A hound (D:3)
  A jelly (D:4)
  2 adders
  A worm (D:2)
  2 dart slugs
  2 orcs
  5 endoplasms
  2 giant cockroaches
  6 goblins
  3 hobgoblins
  3 jackals (D:1)
  4 quokkas
  6 ball pythons
  7 bats
  4 frilled lizards
  6 kobolds
  8 rats
63 creatures vanquished.

Notes
Turn   | Place    | Note
-------+----------+-------------------------------------------
     0 | D:1      | cforsyth the Deep Elf Earth Elementalist began the quest
                  | for the Orb.
     0 | D:1      | Reached XP level 1. HP: 10/10 MP: 6/6
   165 | D:1      | Reached XP level 2. HP: 15/15 MP: 5/8
   721 | D:1      | Reached XP level 3. HP: 19/19 MP: 8/10
  1170 | D:2      | Noticed Terence
  1375 | D:3      | Reached XP level 4. HP: 24/24 MP: 10/12
  1688 | D:3      | Reached skill level 5 in Spellcasting
  1866 | D:4      | Reached skill level 5 in Earth Magic
  1866 | D:4      | Reached XP level 5. HP: 28/28 MP: 11/14
  1908 | D:4      | Noticed Edmund
  2208 | D:4      | Found a runed translucent door.
  2209 | D:4      | Noticed Crazy Yiuf
  2331 | D:4      | Gained mutation: You have a pair of small horns on your
                  | head. [potion of mutation]
  2331 | D:4      | Gained mutation: Your spells are a little harder to cast,
                  | but a little more powerful. [potion of mutation]
  2332 | D:4      | Slain by Edmund

Illustrated notes

Levels and vault maps discovered:
D:1:      pf_arrival_petrified_forest, layout_rooms
D:2:      layout_loops_ring, basic_altar, uniq_terence
D:3:      layout_basic, amcnicky_mini_rare_corridor_liquid
D:4:      minmay_door_path, layout_basic, ebering_ghost_gozag,
          uniq_crazy_yiuf_cottage, uniq_edmund

Skill      XL: |  1  2  3  4 |
---------------+-------------+-----
Spellcasting   | 4 5 |  5.5
Earth Magic    | 4 5 |  5.1
Dodging        | |  2.4
Stealth        | |  2.4
Transmutations | |  1.1

Action                     |  1- 3 |  4- 6 || total
---------------------------+-------+-------++-------
   Cast: Sandblast         |    53 |    29 ||    82
    Use: Potion            |       |     3 ||     3
 Armour: Robe              |     6 |     1 ||     7
  Dodge: Dodged            |    13 |     4 ||    17

Table legend: (Time is in decaauts)
 A = Elapsed time spent in this place.
 B = Non-inter-level travel time spent in this place.
 C = Inter-level travel time spent in this place.
 D = Time resting spent in this place.
 E = Time spent auto-exploring this place.
 F = Levels seen in this place.
 G = Mean time per level.
                   A        B        C        D        E       F      G
               +--------+--------+--------+--------+--------+-----+--------+
         Total |   2372 |   2286 |     86 |      0 |   1840 |   4 |  593.0 |
       Dungeon |   2372 |   2286 |     86 |      0 |   1840 |   4 |  593.0 |
               +--------+--------+--------+--------+--------+-----+--------+

Top non-repeatable levels by time:
     D:1: 863 daAuts
     D:3: 668 daAuts
     D:4: 481 daAuts
     D:2: 359 daAuts
